 Dungeon Crawl Stone Soup version 0.19.1 (webtiles) character file.

3112 Dfrag the Thaumaturge (level 9, -5/68 HPs)
             Began as a Naga Conjurer on Dec 1, 2016.
             Was a Priest of Makhleb.
             Slain by a hill giant
             ... wielding a +0 giant spiked club
              (19 damage)
             ... on level 8 of the Dungeon on Dec 2, 2016.
             The game lasted 00:14:50 (6606 turns).

Dfrag the Thaumaturge (Naga Conjurer)               Turns: 6606, Time: 00:14:51

Health: -5/68      AC: 12    Str: 10    XL:     9   Next: 91%
Magic:  1/32       EV:  8    Int: 22    God:    Makhleb [***...]
Gold:   206        SH:  0    Dex: 13    Spells: 4 memorised, 17 levels left

rFire  . . .     SeeInvis +     r - +2 falchion (flame)
rCold  + . .     Gourm    .     a - +0 robe
rNeg   . . .     Faith    .     (no shield)
rPois  +         Spirit   .     (no helmet)
rElec  .         Reflect  .     B - +1 cloak
rCorr  .         Harm     .     (no gloves)
MR     +....     Clarity  +     K - +0 naga barding
Stlth  +.........               (no amulet)
                                t - ring of magical power
                                H - +4 ring of intelligence

@: about to teleport, very slightly contaminated, glowing, very slow
A: thin metallic scales 1, see invisible, clarity, cold resistance 1, deformed
body, poison resistance, slowness 2, slow metabolism 1, spit poison 1, sturdy
frame 1, AC +3
a: Spit Poison, Minor Destruction, Lesser Servant of Makhleb, Renounce Religion


You were on level 8 of the Dungeon.
You worshipped Makhleb.
Makhleb was most pleased with you.
You were hungry.

You visited 2 branches of the dungeon, and saw 9 of its levels.
You also visited: Ossuary.

You collected 416 gold pieces.
You spent 210 gold pieces at shops.

Inventory:

Hand Weapons
 r - a +2 falchion of flaming (weapon)
Armour
 a - a +0 robe (worn)
 x - a +0 cloak of magic resistance
 B - a +1 cloak (worn)
 K - a +0 naga barding (worn)
Jewellery
 t - a ring of magical power (right hand)
 z - a +2 ring of intelligence
 G - an uncursed ring of ice
 H - a +4 ring of intelligence (left hand)
 I - an uncursed ring of protection from magic
Wands
 k - a wand of enslavement (10/24)
 l - a wand of teleportation (0/9)
 S - a wand of paralysis (4/24)
Scrolls
 d - a scroll of acquirement {unknown}
 e - 4 scrolls of enchant weapon
 o - 2 scrolls of random uselessness {unknown}
 p - a scroll of fog {unknown}
 s - a scroll of blinking
 v - 2 scrolls of enchant armour {unknown}
 w - 2 scrolls of noise
 y - 3 scrolls of teleportation
 C - 2 scrolls of immolation {unknown}
 D - a scroll of fear {unknown}
 E - a scroll of recharging {unknown}
 F - 2 scrolls of amnesia
 N - 2 scrolls of identify
 P - a scroll of magic mapping {unknown}
 Q - a scroll of remove curse
Potions
 f - 6 potions of brilliance {unknown}
 h - 7 potions of flight
 j - 2 potions of curing {unknown}
 m - 5 potions of lignification {unknown}
 u - a potion of haste {unknown}
 A - a potion of might {unknown}
 M - 2 potions of cancellation {unknown}
 O - a potion of agility
Books
 b - a book of Conjurations

   Spells                             Type                      Level
   a - Magic Dart                     Conjuration                  1
   b - Searing Ray                    Conjuration                  2
   c - Dazzling Spray                 Conjuration/Hexes            3
   d - Fulminant Prism                Conjuration/Hexes            4
   e - Iskenderun's Mystic Blast      Conjuration                  4
   f - Iskenderun's Battlesphere      Conjuration/Charms           5
 n - a book of Misfortune

   Spells                             Type                      Level
   a - Confusing Touch                Hexes                        1
   b - Confuse                        Hexes                        3
   c - Gell's Gravitas                Hexes/Translocation          3
   d - Petrify                        Transmutation/Earth          4
   e - Metabolic Englaciation         Hexes/Ice                    5
   f - Yara's Violent Unravelling     Hexes/Transmutation          5
 L - a book of Minor Magic

   Spells                             Type                      Level
   a - Magic Dart                     Conjuration                  1
   b - Blink                          Translocation                2
   c - Call Imp                       Summoning                    2
   d - Repel Missiles                 Charms/Air                   2
   e - Slow                           Hexes                        2
   f - Conjure Flame                  Conjuration/Fire             3
   g - Mephitic Cloud                 Conjuration/Poison/Air       3
Comestibles
 c - 3 bread rations
 g - 2 beef jerkies
 i - a royal jelly
 q - a slice of pizza
 J - a meat ration
 R - 6 chunks of flesh


   Skills:
 - Level 1.5 Dodging
 - Level 3.0 Stealth
 * Level 10.4 Spellcasting
 + Level 8.7 Conjurations


You had 17 spell levels left.
You knew the following spells:

 Your Spells              Type           Power        Failure   Level  Hunger
a - Magic Dart            Conj           ####         1%          1    None
b - Searing Ray           Conj           #####.       1%          2    None
c - Iskenderun's Battles  Conj/Chrm      ####....     34%         5    ####...
d - Mephitic Cloud        Conj/Pois/Air  ###.....     6%          3    None


Dungeon Overview and Level Annotations

Branches:
Dungeon (8/15)             Temple (1/1) D:5
   Lair: D:8-11

Altars:
Ashenzari
Dithmenos
Elyvilon
Fedhas
Gozag
Kikubaaqudgha
Makhleb
Nemelex Xobeh
Okawaru
Qazlal
Ru
Sif Muna
Trog
Uskayaw
Vehumet
Xom
Yredelemnul
Zin
The Shining One

Shops:
D:5 *   D:6 !%%*:


Innate Abilities, Weirdness & Mutations

You cannot wear boots.
Your serpentine skin is tough. (AC +3)
You have supernaturally acute eyesight. (SInv)
Armour fits poorly on your strangely shaped body.
Your system is resistant to poisons. (rPois)
You cover ground very slowly.
You have a slow metabolism.
You can spit poison.
You are partially covered in thin metallic scales. (AC +2)
You possess an exceptional clarity of mind.
Your flesh is cold resistant. (rC+)
Your movements are slightly less encumbered by armour. (ER -2)


Message History

Press: ? - help, Shift-Dir - straight line, f/p - hill giant
Aim: a hill giant, wielding a giant spiked club (severely wounded, chance to defeat MR: 28%)
The hill giant easily resists.
Evoking this partially-identified wand wasted a few charges.
Okay, then.
Casting: Searing Ray
Confirm with . or Enter, or press ? or * to list all spells.
Aiming: Mephitic Cloud
Press: ? - help, Shift-Dir - straight line, p - hill giant You miscast Mephitic Cloud.
You feel slightly ill.
Unknown command.
Unknown command.
Okay, then.
Okay, then.
Evoke which item? (* to show all) (? for menu, Esc to quit)
Zapping:
l - a wand of teleportation (1/9)
Press: ? - help, Shift-Dir - straight line, f - you You feel strangely unstable.
This wand has 0 charges left.
The hill giant hits you with a giant spiked club!!
You die...

# #......# #
#.###..# #.#<...#
#......# #......#
#..#.###.###.#
..#.........#
#.#####C####### #.
#......@....... #.
#............## #.
#...###.####.#x #.
####............##
#.
........##.###....
#. .............#
.. #.
......#..#.#.# #..
#. .............#
#.########(
.......#.#.###
#........#(


You could see a hill giant and an unseen horror (invisible).

Vanquished Creatures
  Grinder (D:4)
  Sigmund (D:2)
  The ghost of crawlcharacter the Chopper, an amateur MiBe of Trog (D:4)
  A water moccasin (D:6)
  2 orc warriors
  3 centaurs
  4 bullfrogs
  3 scorpions
  A troll zombie (Ossuary)
  A water moccasin skeleton (D:4)
  An electric eel (D:6)
  4 howler monkeys
  3 centaur zombies (Ossuary)
  A human zombie (Ossuary)
  2 hounds (D:5)
  2 orc priests
  A jelly (D:6)
  6 orc wizards
  A bullfrog skeleton (D:5)
  Crazy Yiuf (D:3)
  A gnoll shaman (D:6)
  Jessica (D:3)
  An iguana (D:3)
  Ijyb (D:2)
  Natasha (thrice) (D:2)
  Terence (D:3)
  7 worker ants
  An ogre zombie (Ossuary)
  A hound zombie (D:7)
  A hound skeleton (D:6)
  7 mummies (Ossuary)
  A worker ant zombie (D:5)
  8 gnolls
  16 adders
  A shadow imp (D:7)
  An ooze (D:1)
  5 adder zombies
  A worm (D:2)
  3 dart slugs
  5 leopard geckos
  30 orcs
  4 giant cockroaches
  7 goblins
  6 hobgoblins
  11 jackals
  4 quokkas
  2 ball pythons
  8 bats
  2 frilled lizards
  3 goblin zombies (Ossuary)
  A hobgoblin zombie (Ossuary)
  5 kobolds
  2 quokka zombies (Ossuary)
  9 rats
  5 rat zombies
205 creatures vanquished.

Notes
Turn   | Place    | Note
-------+----------+-------------------------------------------
     0 | D:1      | Dfrag the Naga Conjurer began the quest for the Orb.
     0 | D:1      | Reached XP level 1. HP: 15/15 MP: 3/3
   240 | D:1      | Reached XP level 2. HP: 22/22 MP: 5/5
   259 | D:1      | Learned a level 2 spell: Searing Ray
   528 | D:2      | Noticed Natasha
   537 | D:2      | Noticed a crimson imp
   538 | D:2      | Killed Natasha
   538 | D:2      | Reached skill level 3 in Spellcasting
   538 | D:2      | Reached XP level 3. HP: 12/28 MP: 0/7
   592 | D:2      | Noticed Sigmund
   734 | D:2      | Killed Sigmund
   734 | D:2      | Reached skill level 4 in Spellcasting
   734 | D:2      | Reached skill level 5 in Conjurations
   734 | D:2      | Reached XP level 4. HP: 16/36 MP: 1/10
   734 | D:2      | Reached XP level 5. HP: 19/42 MP: 1/11
   773 | D:2      | Noticed Natasha
   778 | D:2      | Killed Natasha
   778 | D:2      | Reached XP level 6. HP: 29/49 MP: 1/13
   779 | D:2      | Noticed Ijyb
   780 | D:2      | Noticed Natasha
   796 | D:2      | Killed Natasha
   987 | D:2      | Reached skill level 5 in Spellcasting
  1054 | D:2      | Killed Ijyb
  1542 | D:3      | Noticed Terence
  1555 | D:3      | Killed Terence
  1830 | D:3      | Reached XP level 7. HP: 52/55 MP: 15/15
  2169 | D:3      | Noticed Jessica
  2173 | D:3      | Killed Jessica
  2303 | D:3      | Found a runed door.
  2473 | D:3      | Noticed Crazy Yiuf
  2477 | D:3      | Killed Crazy Yiuf
  2611 | D:3      | Reached skill level 6 in Spellcasting
  2733 | D:4      | Noticed crawlcharacter's ghost (amateur MiBe)
  2880 | D:4      | Noticed Grinder
  2889 | D:4      | Killed Grinder
  2889 | D:4      | Reached skill level 7 in Spellcasting
  2889 | D:4      | Reached XP level 8. HP: 62/62 MP: 5/18
  3000 | D:4      | HP: 2/62 [crawlcharacter's ghost (3)]
  3480 | D:5      | Entered Level 5 of the Dungeon
  3480 | D:5      | Found a white marble altar of Elyvilon.
  3563 | D:5      | Found a staircase to the Ecumenical Temple.
  3576 | D:5      | Found a basalt altar of Yredelemnul.
  3581 | Temple   | Entered the Ecumenical Temple
  3632 | Temple   | Became a worshipper of Makhleb the Destroyer
  3703 | D:5      | Found an opulent altar of Gozag.
  3747 | D:5      | Found Lehuarix's Elemental Accessories.
  4502 | D:4      | Reached * piety under Makhleb
  4642 | D:4      | Killed crawlcharacter's ghost
  4642 | D:4      | Reached skill level 8 in Spellcasting
  4929 | D:6      | Learned a level 5 spell: Iskenderun's Battlesphere
  5003 | D:6      | Reached XP level 9. HP: 59/68 MP: 8/21
  5186 | D:6      | Found a deep blue altar of Sif Muna.
  5206 | D:6      | Found Ysedghiyq's Book Shoppe.
  5206 | D:6      | Found Koigots's Food Shoppe.
  5206 | D:6      | Found Rakeasu's Distillery.
  5207 | D:6      | Found Zabo's Assorted Antiques.
  5213 | D:6      | Bought 2 amethyst potions for 34 gold pieces
  5213 | D:6      | Bought a scroll of teleportation for 57 gold pieces
  5213 | D:6      | Bought 3 scrolls labeled PICHUFIOMO for 57 gold pieces
  5213 | D:6      | Bought an amethyst potion for 17 gold pieces
  5222 | D:6      | Bought a potion of mutation for 32 gold pieces
  5222 | D:6      | Bought a potion of degeneration for 13 gold pieces
  5222 | D:6      | Gained mutation: You possess an exceptional clarity of mind. [potion of mutation]
  5222 | D:6      | Gained mutation: Your flesh is cold resistant. (rC+) [potion of mutation]
  5223 | D:6      | Gained mutation: Your movements are slightly less encumbered by armour. (ER -2) [potion of mutation]
  5223 | D:6      | Gained mutation: You are partially covered in thin metallic scales. (AC +2) [potion of mutation]
  5259 | D:6      | Found a hide-covered altar of Uskayaw.
  5390 | D:6      | Found Bosk's Food Emporium.
  5409 | D:6      | Reached skill level 9 in Spellcasting
  5538 | D:7      | Reached ** piety under Makhleb
  5735 | D:7      | Found a stormy altar of Qazlal.
  5745 | D:7      | Found a sand-covered staircase.
  5754 | Ossuary  | Entered an ossuary
  6070 | Ossuary  | Learned a level 3 spell: Mephitic Cloud
  6447 | D:7      | You fall through a shaft!
  6455 | D:8      | Reached *** piety under Makhleb
  6455 | D:8      | Reached skill level 10 in Spellcasting
  6534 | D:8      | Noticed an unseen horror
  6580 | D:8      | Noticed a hill giant
  6606 | D:8      | Slain by a hill giant

Skill      XL: |  1  2  3  4  5  6  7  8  9 |
---------------+----------------------------+-----
Spellcasting   | 3 4 5 7 8 10 | 10.4
Conjurations   | 5 6 7 8 |  8.7
Dodging        | |  1.5
Stealth        | |  3.0

Action                   |  1- 3 |  4- 6 |  7- 9 || total
-------------------------+-------+-------+-------++-------
Melee: Unarmed           |     7 |    12 |       ||    19
       Falchion          |       |    18 |   104 ||   122
 Cast: Magic Dart        |    13 |    46 |    77 ||   136
       Searing Ray       |     2 |     7 |    86 ||    95
       Mephitic Cloud    |       |       |     1 ||     1
       Iskenderun's Batt |       |       |     1 ||     1
 Abil: Spit Poison       |    10 |    14 |    28 ||    52
Evoke: Wand              |       |     1 |     3 ||     4
  Use: Scroll            |       |     1 |     9 ||    10
       Potion            |       |       |     2 ||     2
 Stab: Sleeping          |       |     1 |     5 ||     6
       Distracted        |       |       |     1 ||     1
  Eat: Chunk             |       |     3 |    14 ||    17
Armor: Robe              |     2 |    17 |    91 ||   110
Dodge: Dodged            |    15 |    46 |   116 ||   177
       Rpst.: Falchion   |       |     8 |    47 ||    55
